 Dungeon Crawl Stone Soup version 0.29.1-2-gbd0b4ee654 (webtiles) character file.

Game seed: 1675050745271180913

25 gzilladon the Digger (level 3, 0/19 HPs)
             Began as a Gargoyle Earth Elementalist on Oct 14, 2022.
             Slain by a kobold
             ... wielding a +0 short sword
              (1 damage)
             ... on level 2 of the Dungeon on Nov 9, 2022.
             The game lasted 00:07:34 (1223 turns).

gzilladon the Digger (Gargoyle Earth Elementalist)  Turns: 1223, Time: 00:07:35

Health: 0/19       AC:  5    Str: 11    XL:     3   Next: 6%
Magic:  6/6        EV: 12    Int: 17    God:
Gold:   46         SH:  0    Dex: 10    Spells: 5/6 levels left

rFire   . . .      SeeInvis .   f - +0 short sword
rCold   . . .      Faith    .   (no shield)
rNeg    + . .      Spirit   .   a - +0 robe
rPois   ∞          Reflect  .   (no helmet)
rElec   +          Harm     .   (no cloak)
rCorr   .          Rampage  .   (no gloves)
Will    .....                   (no boots)
Stlth   ++........              (no amulet)
HPRegen 0.06/turn               (no ring)
MPRegen 0.10/turn               (no ring)

@: no status effects
A: sickness immunity, AC +3, negative energy resistance 1, electricity
resistance, torment resistance 1, petrification resistance
a: no special abilities


You were on level 2 of the Dungeon.
You visited 1 branch of the dungeon, and saw 2 of its levels.

You collected 46 gold pieces.

Inventory:

Hand Weapons
 f - a +0 short sword (weapon)
Armour
 a - a +0 robe (worn)
Magical Staves
 e - a staff of poison
Scrolls
 g - a scroll of noise {unknown}
 h - 2 scrolls of identify {unknown}
 i - a scroll of teleportation {unknown}
Potions
 b - a potion of magic
 c - 3 potions of heal wounds {unknown}
 d - a potion of degeneration {unknown}


   Skills:
 + Level 1.7 Dodging
 * Level 2.8 Stealth
 * Level 2.3 Spellcasting
 + Level 1.0 Transmutations
 * Level 4.1 Earth Magic


You had 5 spell levels left.
You knew the following spells:

 Your Spells              Type           Power      Damage    Failure   Level
a - Sandblast             Erth           30%        2d9       3%          1

Your spell library contained the following spells:

 Spells                   Type           Power      Damage    Failure   Level
 Passwall                 Tmut/Erth      8%         N/A       10%         2
 Summon Small Mammal      Summ           4%         N/A       19%         1
 Stone Arrow              Conj/Erth      16%        3d8       24%         3
 Call Canine Familiar     Summ           1%         N/A       50%         3
 Summon Guardian Golem    Hex/Summ       1%         N/A       50%         3
 Petrify                  Tmut/Erth      10%        N/A       54%         4


Dungeon Overview and Level Annotations

Branches:
Dungeon (2/15)

Altars:


Innate Abilities, Weirdness & Mutations

You are immune to sickness and miasma.
Your stone body is resilient. (AC +3)
You are immune to poison.
You resist negative energy. (rN+)
You are resistant to electric shocks. (rElec)
You are resistant to unholy torment.
You are immune to petrification.


Message History

The adder bites you but does no damage. The kobold hits you but does no damage.
You barely miss the adder.
The adder is moderately wounded.
The adder bites you but does no damage. The kobold misses you.
The adder barely misses you.
You closely miss the adder.
The adder is moderately wounded.
The kobold hits you with a +0 short sword.
The adder bites you but does no damage.
You closely miss the adder.
The adder is moderately wounded.
The adder closely misses you.
The kobold hits you with a +0 short sword.
The adder bites you but does no damage.
You barely miss the adder.
The adder is moderately wounded.
The kobold closely misses you.
A rat comes into view.
The adder barely misses you. The kobold barely misses you.
You miss the adder.
The adder is moderately wounded.
The adder closely misses you. The kobold hits you but does no damage.
You closely miss the adder.
The adder is moderately wounded.
The adder barely misses you. The adder closely misses you.
The kobold hits you with a +0 short sword.
* * * LOW HITPOINT WARNING * * *
You barely miss the adder.
The adder is moderately wounded.
The adder closely misses you. The kobold closely misses you.
You hit the adder.
The adder is heavily wounded.
The adder closely misses you. The kobold misses you.
The adder bites you but does no damage.
You hit the adder.
The adder is almost dead.
The adder bites you.
* * * LOW HITPOINT WARNING * * *
The kobold hits you with a +0 short sword.
You die...

..#.# #.#.#
#.#.# #.#.# #
#.#.# #.#.#.#
#.#.#.##########
#.............<#
#..@#.##########
#.KS#.#
....rg#.#
###....#.#
#....#.#
#......#
#..#.### #..#.#


You could see an adder, a hobgoblin, a kobold and a rat.

Vanquished Creatures
  3 endoplasms (D:1)
  A goblin (D:1)
  3 hobgoblins (D:1)
  2 quokkas (D:1)
  3 ball pythons (D:1)
  4 bats (D:1)
  7 kobolds (D:1)
  2 rats (D:1)
25 creatures vanquished.

Vanquished Creatures (others)
  3 plants (D:1)
3 creatures vanquished.

Grand Total: 28 creatures vanquished

Notes
Turn   | Place    | Note
-------+----------+-------------------------------------------
     0 | D:1      | gzilladon the Gargoyle Earth Elementalist began the quest
                  | for the Orb.
     0 | D:1      | Reached XP level 1. HP: 10/10 MP: 3/3
   305 | D:1      | Reached XP level 2. HP: 15/15 MP: 1/5
   411 | D:1      | Found a faded altar of an unknown god.
   413 | D:1      | Reached skill level 1 in Transmutations
   773 | D:1      | Reached skill level 4 in Earth Magic
  1024 | D:1      | Reached XP level 3. HP: 15/19 MP: 3/6
  1134 | D:1      | Upgraded the game from 0.29.1-1-gd02db6906a to
                  | 0.29.1-2-gbd0b4ee654
  1223 | D:2      | Slain by a kobold

Illustrated notes

Levels and vault maps discovered:
D:1:      lightli_arrival_boilingwater, layout_basic,
          dreamdust_ecumenical_altar_grove, minivault_19, kennysheep_nondescript
D:2:      layout_basic

Skill      XL: |  1  2 |
---------------+-------+-----
Transmutations | 1 |  1.0
Earth Magic    | 4 |  4.1
Dodging        | |  1.7
Stealth        | |  2.8
Spellcasting   | |  2.3

Action                   || total
-------------------------++-------
Melee: Short sword       ||    25
 Cast: Sandblast         ||    30
 Stab: Sleeping          ||     2
Armor: Robe              ||    17
Dodge: Dodged            ||    38
